 Dungeon Crawl Stone Soup version 0.31-a0-1165-g196b491b36 (webtiles) character file.

Game seed: 6869676803694024219

2604 Fodor the Protected (level 9, -5/78 HPs)
             Began as a Minotaur Fighter on Dec 9, 2023.
             Was an Initiate of Gozag.
             Slain by a yak (12 damage)
             ... on level 8 of the Dungeon on Dec 10, 2023.
             The game lasted 00:39:36 (7589 turns).

Fodor the Protected (Minotaur Fighter)              Turns: 7589, Time: 00:39:36

Health: -5/78      AC: 12    Str: 25    XL:     9   Next: 33%
Magic:  8/8        EV: 11    Int:  5    God:    Gozag
Gold:   181        SH:  5    Dex: 10    Spells: 8/8 levels left

rFire   + . .        k - +8 hand axe of Doom {heavy, rC+ Will+}
rCold   + + .        c - +0 buckler
rNeg    . . .        r - +3 scale mail
rPois   .            (helmet restricted)
rElec   .            C - scarf {rC+ rF+}
rCorr   .            (no gloves)
SInv    .            z - +0 pair of boots
Will    +....        (no amulet) Stlth
                     (no ring)
HPRegen 0.33/turn    (no ring)
MPRegen 0.11/turn

%: no passive effects
@: no status effects
A: horns 2, retaliatory headbutt
a: Renounce Religion, Potion Petition, Call Merchant, Bribe Branch


You were on level 8 of the Dungeon.
You worshipped Gozag.
Gozag was aware of your devotion.
You visited 2 branches of the dungeon, and saw 9 of its levels.

You collected 591 gold pieces.
You spent 282 gold pieces at shops.
You paid 128 gold pieces to Gozag.

Inventory:

Hand Weapons
 b - a +0 orcbow
 k - the +8 hand axe of Doom (weapon) {heavy, rC+ Will+}
   (You found it on level 2 of the Dungeon)

   rC+:       It protects you from cold.
   Will+:     It increases your willpower.
 s - a +0 war axe
 I - a +0 heavy glaive
Missiles
 a - 8 boomerangs
 e - 8 javelins (quivered)
Armour
 c - a +0 buckler (worn)
 r - a +3 scale mail (worn)
 z - a +0 pair of boots (worn)
 C - a scarf of resistance (worn)
Talismans
 F - a maw talisman
Wands
 v - a wand of light (2)
 x - a wand of polymorph (11)
 A - a wand of mindburst (9)
 D - a wand of roots (17)
 N - a wand of charming (10)
Scrolls
 g - 2 scrolls of identify {unknown}
 h - 2 scrolls of poison {unknown}
 n - 2 scrolls of summoning
 p - 2 scrolls of vulnerability {unknown}
 q - 2 scrolls of fog {unknown}
 t - 2 scrolls of noise {unknown}
 G - a scroll of fear {unknown}
 J - a scroll of revelation {unknown}
 M - a scroll of blinking {unknown}
Potions
 d - 4 potions of might
 f - a potion of mutation {unknown}
 i - 2 potions of lignification {unknown}
 j - 5 potions of curing
 l - 2 potions of magic {unknown}
 o - a potion of brilliance {unknown}
 u - 3 potions of cancellation
 w - 3 potions of attraction {unknown}
 E - 3 potions of resistance {unknown}
 H - a potion of degeneration {unknown}
 K - 2 potions of heal wounds {unknown}
 L - 2 potions of haste {unknown}
 O - a potion of berserk rage


   Skills:
 + Level 6.9 Fighting
 + Level 9.1 Axes
 + Level 0.9 Throwing
 + Level 9.1 Armour
 + Level 3.8 Dodging
 + Level 1.4 Stealth
 + Level 6.1 Shields


You had 8 spell levels left.
You didn't know any spells.
Your spell library contained the following spells:

 Spells                   Type           Power      Damage    Failure   Level
 Apportation              Tloc           0%         N/A       78%         1
 Magic Dart               Conj           0%         1d3       78%         1
 Necrotise                Necr           0%         1d4       78%         1
 Summon Small Mammal      Summ           0%         N/A       78%         1
 Lesser Beckoning         Tloc           0%         N/A       89%         2
 Searing Ray              Conj           0%         2d4       89%         2
 Wereblood                Tmut           0%         N/A       89%         2
 Call Canine Familiar     Summ           0%         N/A       98%         3
 Gell's Gravitas          Tloc           0%         N/A       98%         3
 Sigil of Binding         Hex            0%         N/A       98%         3
 Summon Guardian Golem    Hex/Summ       0%         N/A       98%         3
 Teleport Other           Tloc           0%         N/A       98%         3
 Vampiric Draining        Necr           0%         2d6       98%         3
 Dimensional Bullseye     Hex/Tloc       0%         N/A       100%        4
 Fulminant Prism          Conj/Hex       0%         3d5       100%        4
 Leda's Liquefaction      Hex/Erth       0%         N/A       100%        4
 Agony                    Necr           0%         N/A       100%        5
 Irradiate                Conj/Tmut      0%         3d11      100%        5


Dungeon Overview and Level Annotations

Branches:
Dungeon (8/15)             Temple (1/1) D:5
   Lair: D:8-11

Altars:
Ashenzari
Cheibriados
Fedhas
Gozag
Kikubaaqudgha
Makhleb
Okawaru
Qazlal
Ru
Sif Muna
Trog
Uskayaw
Wu Jian
Xom
Yredelemnul
Zin
The Shining One

Shops:
D:5 (!   D:7 [[!*   D:8 =

Annotations:
D:5 1 runed translucent door, pigah's ghost, novice OpSh


Innate Abilities, Weirdness & Mutations

You have a pair of horns on your head.
You reflexively headbutt those who attack you in melee.


Message History

A yak comes into view.
Found 11 gold pieces.
The yak bellows!
You hear a bellow!
A yak comes into view.
Found a stone staircase leading up.
The yak bellows!
A yak comes into view. 2 yaks come into view.
The yak bellows! x3
The yak gores you but does no damage. The yak gores you!
The yak completely misses you. You furiously retaliate!
You headbutt the yak! You closely miss the yak. Your headbutt misses the yak.
The yak is moderately wounded.
You slash the yak! You hit the yak. The yak barely misses you.
You furiously retaliate!
You headbutt the yak. The yak gores you but does no damage. The yak gores you!
The yak gores you. The yak gores you but does no damage.
You slash the yak!
The yak is moderately wounded.
You slash the yak! You closely miss the yak. You hit the yak.
The yak gores you! The yak gores you but does no damage.
The yak closely misses you. You furiously retaliate!
You headbutt the yak! You block the yak's attack.
You slash the yak! You headbutt the yak.
The yak is severely wounded.
You slash the yak! You hit the yak. You slash the yak!
The yak gores you but does no damage. The yak gores you! x2
* * * LOW HITPOINT WARNING * * *
The yak gores you!
* * * LOW HITPOINT WARNING * * *
The yak attacks as it pursues you! You block the yak's attack.
The yak closely misses you. The yak attacks as it pursues you!
You block the yak's attack. The yak gores you but does no damage.
The yak attacks as it pursues you! The yak gores you but does no damage.
The yak gores you but does no damage. The yak attacks as it pursues you!
The yak gores you!
You die...
Your body crumbles into a pile of gold.

##........##
#..........#
#..........#
#..........#
#<.........#
#..........#
##........##
#..........# ####
#...[.....@###
...####........YY..#
.≈.....)..........Y#
∩≈##..#.........YY.#
≈≈##)###...........#
####)# ........#...#
##..#.######.##...#
#.....# #.##...#
##..#### #.##...#


You could see 5 yaks.

Vanquished Creatures
  A wyvern (D:8)
  An ice beast (D:6)
  2 sky beasts
  2 ogres
  A black bear (D:8)
  A centaur (D:7)
  A phantom (D:5)
  2 bullfrogs
  2 kobold brigands (D:7)
  4 scorpions
  4 wights (D:6)
  A howler monkey (D:7)
  4 hounds
  A jelly (D:6)
  Crazy Yiuf (D:2)
  5 orc priests
  2 gnoll boudas
  6 iguanas
  Natasha (thrice) (D:2)
  4 orc wizards
  9 gnolls
  6 adders
  2 white imps (D:7)
  2 ufetubi (D:7)
  A worm (D:2)
  2 dart slugs
  9 orcs
  5 bats
  3 endoplasms
  3 giant cockroaches
  6 goblins
  4 hobgoblins
  17 kobolds
  4 quokkas
  7 ball pythons
  3 frilled lizards
  A rat (D:1)
132 creatures vanquished.

Vanquished Creatures (collateral kills)
  A gnoll bouda (D:8)
  3 gnolls (D:8)
4 creatures vanquished.

Grand Total: 136 creatures vanquished

Notes
Turn   | Place    | Note
-------+----------+-------------------------------------------
     0 | D:1      | Fodor the Minotaur Fighter began the quest for the Orb.
     0 | D:1      | Reached XP level 1. HP: 19/19 MP: 0/0
   207 | D:1      | Reached XP level 2. HP: 27/27 MP: 1/1
  1034 | D:2      | Reached XP level 3. HP: 33/33 MP: 2/2
  1124 | D:2      | Noticed Natasha
  1139 | D:2      | Killed Natasha
  1152 | D:2      | Found a faded altar of an unknown god.
  1152 | D:2      | Noticed a green death
  1159 | D:2      | Noticed Natasha
  1165 | D:2      | Killed Natasha
  1166 | D:2      | Reached XP level 4. HP: 30/41 MP: 3/3
  1199 | D:2      | Found a stormy altar of Qazlal.
  1493 | D:2      | Noticed Natasha
  1502 | D:2      | Killed Natasha
  1507 | D:2      | Identified the +8 hand axe of Doom {heavy, rC+ Will+}
  1549 | D:2      | Reached XP level 5. HP: 45/47 MP: 4/4
  1578 | D:2      | Found a runed translucent door.
  1579 | D:2      | Noticed Crazy Yiuf
  1584 | D:2      | Killed Crazy Yiuf
  2344 | D:3      | Reached skill level 5 in Armour
  2457 | D:3      | Reached skill level 1 in Dodging
  2480 | D:3      | Reached XP level 6. HP: 36/55 MP: 5/5
  3226 | D:4      | Reached skill level 5 in Fighting
  3239 | D:4      | Reached skill level 5 in Axes
  3862 | D:4      | You fall into a shaft and drop 3 floors!
  4030 | D:7      | Reached skill level 5 in Shields
  4030 | D:7      | Reached XP level 7. HP: 49/61 MP: 6/6
  4030 | D:7      | Found Lisiel's Armour Emporium.
  4170 | D:7      | Bought a +0 pair of boots for 63 gold pieces
  4868 | D:6      | Reached skill level 1 in Stealth
  4956 | D:6      | Found an iron altar of Okawaru.
  4968 | D:6      | Reached XP level 8. HP: 70/70 MP: 7/7
  5039 | D:6      | Found an ornate altar of the Wu Jian Council.
  6059 | D:5      | Entered Level 5 of the Dungeon
  6063 | D:5      | Found a burning altar of Makhleb.
  6249 | D:5      | Found Feucuq's Hydra Hut.
  6281 | D:5      | Noticed a five-headed hydra
  6323 | D:5      | Found a runed translucent door.
  6323 | D:5      | Noticed pigah's ghost (novice OpSh)
  6476 | D:5      | Found a staircase to the Ecumenical Temple.
  6492 | Temple   | Entered the Ecumenical Temple
  6609 | D:5      | Found Ofampog's Distillery.
  6626 | D:5      | Bought a potion of curing for 33 gold pieces
  6626 | D:5      | Bought a potion of cancellation for 88 gold pieces
  6626 | D:5      | Bought a potion of berserk rage for 55 gold pieces
  6661 | D:5      | Found an opulent altar of Gozag.
  6676 | D:5      | Became a worshipper of Gozag Ym Sagoz the Greedy
  6720 | D:5      | Reached XP level 9. HP: 72/78 MP: 8/8
  6848 | D:7      | Found Qosaq's Assorted Antiques.
  6854 | D:7      | Bought a scroll labelled OSMOAQIPPE for 23 gold pieces
  6854 | D:7      | Bought a fuming blue potion for 20 gold pieces
  6972 | D:7      | Found a glowing silver altar of Zin.
  7023 | D:7      | Found Mushront's Distillery.
  7151 | D:7      | Found Fepite's Armour Boutique.
  7434 | D:8      | Found Sotock's Jewellery Shop.
  7578 | D:8      | HP: 3/78 [yak (9)]
  7589 | D:8      | Slain by a yak

Illustrated notes

Levels and vault maps discovered:
D:1:      elethiomel_arrival_infinity_welcomes_careful_drivers, layout_basic,
          chequers_serial_rivers_small_3
D:2:      layout_basic, basic_altar, dreamdust_ecumenical_altar_sealed_demon,
          uniq_natasha, uniq_crazy_yiuf_cottage
D:3:      layout_basic, nicolae_titane
D:4:      layout_basic, item_on_display_a
D:5:      layout_basic, grunt_gozag_breadcrumbs, nicolae_overflow_crystal_walls,
          minmay_temple_entry_poolview, serial_shops, kennysheep_little_box,
          hellmonk_ghost_happy_afterlife, doesnt_shop_hydraphobe
D:6:      layout_basic, mainiacjoe_overflow_small_starburst, lemuel_round_altar,
          nrook_campfire
D:7:      layout_basic, mainiacjoe_overflow_cross_hatched, serial_shops, shop,
          nicolae_shop_hallway_stairs, shop, nicolae_shop_window_shopping,
          grunt_decor_resistance
D:8:      layout_rooms, due_lair_maze_entry_diamond, serial_shops, shop,
          nicolae_shop_tiny_waterfront, nicolae_shop_tiny_waterfront, shop,
          serial_corexii_hall, corexii_hall_statues_x, corexii_hall_statues_l,
          chequers_hall_statues_wall_a, corexii_hall_statues_x, uniq_joseph,
          uniq_grum, uniq_erica
Temple:   jpeg_temple_clearing

Skill      XL: |  1  2  3  4  5  6  7  8  9 |
---------------+----------------------------+-----
Shields        | 4 5 6 |  6.1
Fighting       | 4 5 6 |  6.9
Armour         | 4 5 6 7 8 9 |  9.1
Axes           | 3 4 5 6 8 9 |  9.1
Dodging        | 1 2 3 |  3.8
Stealth        | 1 |  1.4
Throwing       | |  0.9

Action                     |  1- 3 |  4- 6 |  7- 9 || total
---------------------------+-------+-------+-------++-------
  Melee: War axe           |    70 |    27 |       ||    97
         Headbutt          |     8 |     7 |    26 ||    41
         Hand axe          |       |    55 |   138 ||   193
  Throw: Javelin           |       |     3 |       ||     3
    Use: Scroll            |       |       |     1 ||     1
 Armour: Scale mail        |    60 |    66 |   127 ||   253
  Dodge: Dodged            |    44 |    45 |    72 ||   161
  Block: Buckler           |    22 |    21 |    38 ||    81

Table legend: (Time is in decaauts)
 A = Elapsed time spent in this place.
 B = Non-inter-level travel time spent in this place.
 C = Inter-level travel time spent in this place.
 D = Time resting spent in this place.
 E = Time spent auto-exploring this place.
 F = Levels seen in this place.
 G = Mean time per level.
                   A        B        C        D        E       F      G
               +--------+--------+--------+--------+--------+-----+--------+
         Total |   7728 |   7427 |    301 |    758 |      0 |   9 |  858.7 |
       Dungeon |   7674 |   7373 |    301 |    758 |      0 |   8 |  959.2 |
        Temple |     53 |     53 |      0 |      0 |      0 |   1 |   53.0 |
               +--------+--------+--------+--------+--------+-----+--------+

Top non-repeatable levels by time:
     D:7: 1940 daAuts
     D:3: 1218 daAuts
     D:1: 1050 daAuts
     D:6: 895 daAuts
     D:4: 882 daAuts
     D:2: 784 daAuts
     D:5: 668 daAuts
     D:8: 234 daAuts
  Temple: 53 daAuts
